 Dungeon Crawl Stone Soup version 0.26.0-45-g9c1d065592 (webtiles) character file.

Game seed: 6920981771688511706

1013 kaeus the Covert (level 8, -5/55 HPs)
             Began as an Octopode Monk on Jan 28, 2021.
             Slain by Deviant's ghost (17 damage)
             ... on level 4 of the Dungeon.
             The game lasted 00:04:22 (4614 turns).

kaeus the Covert (Octopode Monk)                    Turns: 4614, Time: 00:04:23

Health: -5/55      AC:  8    Str: 11    XL:     8   Next: 21%
Magic:  8/8        EV: 16    Int: 12    God:
Gold:   207        SH:  0    Dex: 18    Spells: 7/7 levels left

rFire    . . .     SeeInvis .   h - +3 dagger (protect)
rCold    . . .     Faith    .   (no shield)
rNeg     . . .     Spirit   .   (helmet restricted)
rPois    .         Reflect  .   (no amulet)
rElec    .         Harm     .   (no ring)
rCorr    .         Rampage  .   (no ring)
Will     .....     Clarity  +   (no ring)
Stlth    +++++.....             (no ring)
HPRegen  0.18/turn              (no ring)
MPRegen  0.11/turn              (no ring)
                                (no ring)
                                (no ring)

@: protection aura
A: almost no armour, stealthy swim, amphibious, 8 rings, constrict 8, camouflage
1, agile 1, clarity, gelatinous body 1
a: no special abilities


You were on level 4 of the Dungeon.
You visited 1 branch of the dungeon, and saw 4 of its levels.
You also visited: Sewer.

You collected 207 gold pieces.

Inventory:

Hand Weapons
 h - a +3 dagger of protection (weapon)
 j - a +2 dagger of venom
Scrolls
 e - 3 scrolls of identify
 i - 2 scrolls of teleportation
 k - a scroll of blinking
 o - a scroll of remove curse
 q - a scroll of enchant weapon
Potions
 a - a potion of curing
 b - 2 potions of flight {unknown}
 c - a potion of attraction {unknown}
 d - a potion of heal wounds {unknown}
 f - a potion of mutation
 g - a potion of ambrosia {unknown}
 l - a potion of cancellation
 m - a potion of degeneration {unknown}
 n - a potion of haste {unknown}
 p - a potion of might {unknown}
 r - 2 potions of resistance {unknown}


   Skills:
 + Level 5.0 Fighting
 + Level 5.1 Short Blades
 + Level 5.0 Dodging
 * Level 8.8 Stealth


You had 7 spell levels left.
You didn't know any spells.
Your spell library was empty.

Dungeon Overview and Level Annotations

Branches:
Dungeon (4/15)              Sewer (visited)
 Temple: D:4-7

Altars:
Gozag
Nemelex Xobeh
Okawaru
Trog

Annotations:
D:4 1 runed translucent door, Deviant's ghost, amateur HOGl


Innate Abilities, Weirdness & Mutations

You cannot wear most types of armour.
You are very stealthy in the water. (Stealth+)
You are amphibious.
You can wear up to eight rings at the same time.
You can use your tentacles to constrict eight enemies at once.
Your skin changes colour to match your surroundings (Stealth+).
Your rubbery body absorbs attacks. (AC +1, EV +1)
You are agile. (Dex +2)
You possess an exceptional clarity of mind.


Message History

Deviant's ghost hits you!
You take 11 damage, and have 35/55 hp.
You hit Deviant's ghost but do no damage.
Deviant's ghost is heavily damaged.
Deviant's ghost hits you.
You take 6 damage, and have 29/55 hp.
You closely miss Deviant's ghost. You squeeze Deviant's ghost!
Deviant's ghost is severely damaged.
Deviant's ghost hits you!
* * * LOW HITPOINT WARNING * * *
You take 17 damage, and have 12/55 hp.
MASSIVE DAMAGE!!
You hit Deviant's ghost.
Deviant's ghost is severely damaged.
You closely miss Deviant's ghost. You squeeze Deviant's ghost.
Deviant's ghost is almost destroyed.
Deviant's ghost misses you.
You hit Deviant's ghost but do no damage.
Deviant's ghost is almost destroyed.
Deviant's ghost hits you!
You die...

#.# #...........##... #.#
#..#.###.#..##... #.#
##...)......##... #.#
##.#.###.#..##... #.#
#..#.#?#.#..##... #.#
#..#.###.#..#####
#.#############...........#
#..#≈≈≈≈≈≈≈≈≈#...#.###.#.##
#..+≈≈≈≈?≈≈≈wW@..........#
##.#≈≈≈≈≈≈≈≈r#.########.##
############### #.#
#.####### #........
#########


You could see a worm, Deviant's ghost and a rat.

Vanquished Creatures
  Edmund (D:4)
  2 ogres (D:4)
  A big kobold (Sewer)
  A bullfrog (D:4)
  3 scorpions (D:4)
  A bullfrog skeleton (D:4)
  A jelly (D:4)
  A gnoll shaman (D:4)
  2 hounds (D:4)
  An iguana (D:4)
  Natasha (D:3)
  A worker ant (D:4)
  7 adders
  3 gnolls (D:4)
  2 river rats (Sewer)
  A shadow imp (D:4)
  2 oozes
  An adder skeleton (D:4)
  2 worms
  5 dart slugs
  5 leopard geckos
  3 orcs
  5 giant cockroaches
  5 goblins
  11 hobgoblins
  12 jackals
  8 kobolds
  A quokka (D:4)
  A ball python (D:3)
  A ball python skeleton (D:4)
  2 bats
  10 frilled lizards
  2 quokka skeletons (D:4)
  4 rats
109 creatures vanquished.

Notes
Turn   | Place    | Note
-------+----------+-------------------------------------------
     0 | D:1      | kaeus the Octopode Monk began the quest for the Orb.
     0 | D:1      | Reached XP level 1. HP: 16/16 MP: 1/1
    86 | D:1      | Reached skill level 3 in Stealth
   259 | D:1      | Reached XP level 2. HP: 21/21 MP: 2/2
   845 | D:2      | Reached XP level 3. HP: 26/26 MP: 3/3
   967 | D:2      | Reached skill level 4 in Stealth
  1041 | D:2      | Found a bloodstained altar of Trog.
  1041 | D:2      | Found an iron altar of Okawaru.
  1230 | D:2      | Reached XP level 4. HP: 23/31 MP: 4/4
  1537 | D:3      | Found an opulent altar of Gozag.
  1577 | D:3      | Gained mutation: You possess an exceptional clarity of
                  | mind. [potion of mutation]
  1577 | D:3      | Gained mutation: You are agile. (Dex +2) [potion of
                  | mutation]
  2745 | D:3      | Found a faded altar of an unknown god.
  2758 | D:3      | Reached skill level 5 in Stealth
  2762 | D:3      | Reached XP level 5. HP: 33/36 MP: 5/5
  2875 | D:3      | Noticed Natasha
  2880 | D:3      | Killed Natasha
  3162 | D:4      | Reached XP level 6. HP: 23/43 MP: 6/6
  3171 | D:4      | Reached skill level 6 in Stealth
  3201 | D:4      | Found a glowing drain.
  3221 | Sewer    | Entered a sewer
  3468 | Sewer    | Found a white marble altar of Elyvilon.
  3522 | D:4      | Found a sparkling altar of Nemelex Xobeh.
  3678 | D:4      | Noticed Edmund
  3704 | D:4      | Killed Edmund
  3705 | D:4      | Reached skill level 7 in Stealth
  3705 | D:4      | Reached XP level 7. HP: 13/49 MP: 7/7
  4057 | D:4      | Reached skill level 8 in Stealth
  4180 | D:4      | Reached XP level 8. HP: 54/54 MP: 8/8
  4238 | D:4      | Found a runed translucent door.
  4239 | D:4      | Noticed Deviant's ghost (amateur HOGl)
  4275 | D:4      | Found a runed translucent door.
  4285 | D:4      | Reached skill level 5 in Fighting
  4285 | D:4      | Reached skill level 5 in Short Blades
  4290 | D:4      | Reached skill level 5 in Dodging
  4614 | D:4      | Slain by Deviant's ghost

Illustrated notes

Levels and vault maps discovered:
D:1:      elethiomel_arrival_maze, layout_basic,
          hangedman_decor_clover_reticule, minmay_misc_feat_enclosed
D:2:      layout_loops_ring, gammafunk_temple_overflow_wave
D:3:      layout_basic, general_overflow_altar,
          chequers_ecumenical_altar_simple_redux, minmay_vboxes, uniq_natasha
D:4:      minmay_chambers_of_fours, layout_basic,
          nemelex_xobeh_ov_fountains_minmay, portal_sewer_entry_f,
          ebering_ghost_sewer_f, minmay_surrounded, uniq_edmund

Skill      XL: |  1  2  3  4  5  6  7  8 |
---------------+-------------------------+-----
Stealth        | 3 4 5 7 8 |  8.8
Fighting       | 4 5 |  5.0
Short Blades   | 4 5 |  5.1
Dodging        | 4 5 |  5.0

Action                   |  1- 3 |  4- 6 |  7- 9 || total
-------------------------+-------+-------+-------++-------
Melee: Short sword       |    56 |    64 |       ||   120
       Constrict         |    14 |    35 |    10 ||    59
       Tentacles         |    11 |    33 |    15 ||    59
       Dagger            |       |   101 |    63 ||   164
  Use: Potion            |       |     4 |     1 ||     5
       Scroll            |       |     7 |       ||     7
 Stab: Sleeping          |    10 |    12 |    11 ||    33
       Distracted        |     1 |       |       ||     1
Armor: Skin              |     3 |    16 |    11 ||    30
Dodge: Dodged            |    28 |    93 |    34 ||   155
